 Dungeon Sprint DCSS version 0.27-a0-1591-gc56fcc985a (webtiles) character file.

Game seed: 14270680644745681033

4909 mhtbhm the Fencer (level 10, -1/90 HPs)
             Began as a Minotaur Fighter on July 19, 2021.
             Was a Believer of Hepliaklqana.
             Slain by a catoblepas (11 damage)
             ... while petrified by a catoblepas
             ... in the Dungeon (Sprint IX: "|||||||||||||||||||||||||||||").
             The game lasted 00:01:55 (1234 turns).

mhtbhm the Fencer (Minotaur Fighter)                Turns: 1234, Time: 00:01:55

Health: -1/90      AC: 19    Str: 24    XL:     10   Next: 27%
Magic:  9/9        EV:  2    Int:  5    God:    Hepliaklqana [**....]
Gold:   0          SH:  0    Dex: 13    Spells: 9/9 levels left

rFire    . . .     SeeInvis .   a - +2 scimitar (flame)
rCold    . . .     Faith    .   c - +0 kite shield
rNeg     + + +     Spirit   .   b - +0 plate armour
rPois    ∞         Reflect  .   (helmet restricted)
rElec    .         Harm     .   (no cloak)
rCorr    .         Rampage  .   n - +0 pair of gloves
Will     .....     NoTele   +   (no boots)
Stlth    ..........             (no amulet)
HPRegen  0.25/turn              p - +3 ring of dexterity
MPRegen  0.11/turn              o - +2 ring of protection

@: petrified
A: reduced essence, horns 2, retaliatory headbutt
a: Renounce Religion, Ancestor Life: Knight, Ancestor Life: Battlemage, Ancestor
Life: Hexer, Recall Ancestor, Ancestor Identity


You were in the Dungeon.
You worshipped Hepliaklqana.
Hepliaklqana was pleased with you.
You visited 1 branch

Inventory:

Hand Weapons
 a - a +2 scimitar of flaming (weapon)
Armour
 b - a +0 plate armour (worn)
 c - a +0 kite shield (worn)
 n - a +0 pair of gloves (worn)
Jewellery
 o - a +2 ring of protection (right hand)
 p - a +3 ring of dexterity (left hand)
Wands
 m - a wand of iceblast (10)
Scrolls
 i - a scroll of fog
 j - 3 scrolls of blinking
 l - 2 scrolls of amnesia
 q - 4 scrolls of enchant weapon
 r - a scroll of fear
Potions
 d - a potion of might
 e - 6 potions of curing
 f - 8 potions of heal wounds
 g - 2 potions of haste
 h - 4 potions of magic
 k - a potion of invisibility


   Skills:
 + Level 12.6 Fighting
 + Level 15.9 Long Blades
 + Level 13.2 Armour
 + Level 4.9 Dodging
 + Level 1.0 Stealth
 + Level 14.9 Shields


You had 9 spell levels left.
You didn't know any spells.
Your spell library was empty.

Dungeon Overview and Level Annotations

Branches:
Dungeon (1/1)

Altars:
Cheibriados
Dithmenos
Elyvilon
Fedhas
Gozag
Hepliaklqana
Kikubaaqudgha
Makhleb
Nemelex Xobeh
Okawaru
Qazlal
Ru
Sif Muna
Trog
Uskayaw
Vehumet
Wu Jian
Xom
Yredelemnul
Zin
The Shining One
Beogh
Jiyva
Lugonu


Innate Abilities, Weirdness & Mutations

Your life essence is reduced to manifest your ancestor. (-10% HP)
You have a pair of horns on your head.
You reflexively headbutt those who attack you in melee.


Message History

Unknown command.
You hit the catoblepas but do no damage.
You headbutt the catoblepas, but do no damage.
The catoblepas is heavily wounded.
You are engulfed in calcifying dust.
You are slowing down.
The catoblepas gores you.
* * * LOW HITPOINT WARNING * * *
Unknown command.
Unknown command.
You hit the catoblepas but do no damage.
The catoblepas is heavily wounded.
You are engulfed in calcifying dust.
The catoblepas barely misses you.
You riposte.
You slash the catoblepas! You burn the catoblepas.
You headbutt the catoblepas, but do no damage.
The catoblepas is severely wounded.
Your limbs are stiffening.
You hit the catoblepas. You burn the catoblepas.
You headbutt the catoblepas, but do no damage.
The catoblepas is severely wounded.
You are engulfed in calcifying dust.
The catoblepas gores you but does no damage.
Unknown command.
You hit the catoblepas but do no damage.
You headbutt the catoblepas, but do no damage.
The catoblepas is severely wounded.
The catoblepas gores you!
* * * LOW HITPOINT WARNING * * *
The dream sheep ruffles its wool and motes of dream dust sparkle, to no effect.
You have turned to stone.
The catoblepas gores you but does no damage. x2
The catoblepas breathes a plume of calcifying dust at you.
The blast of calcifying dust hits you but does no damage.
The blast of calcifying dust hits Izel.
You are engulfed in calcifying dust.
The catoblepas gores you but does no damage.
You are engulfed in calcifying dust.
The catoblepas gores you!!
* * * LOW HITPOINT WARNING * * *
You are engulfed in calcifying dust.
The catoblepas gores you!!
You die...

▓.▓.▓_▓
▓.▓.▓_▓
▓.▓.▓_▓
▓.▓.▓_▓
▓.▓.▓_▓
▓.▓.▓_▓
▓§▓.▓_▓
▓R▓.▓_▓
▓@▓.▓_▓
▓Y▓.▓_▓
▓Y▓.▓_▓
▓.▓.▓_▓
▓.▓.▓_▓
▓.▓.▓_▓
▓.▓.▓_▓
▓.▓.▓_▓
▓.▓_▓


You could see the friendly Izel the ancestor, a catoblepas (ally target) and a
dream sheep.

Vanquished Creatures
  A boulder beetle (D)
  A centaur warrior (D)
  An ugly thing (D)
  3 cane toads (D)
  A troll (D)
  A polar bear (D)
  A blink frog (D)
  2 yaks (D)
  A wraith (D)
  A wyvern (D)
  A steam dragon (D)
  A basilisk (D)
  A water moccasin (D)
  An orc warrior (D)
  A wolf (D)
  6 bullfrogs (D)
  A killer bee (D)
  A howler monkey (D)
  An iguana (D)
  An orc wizard (D)
  A white imp (D)
  An adder zombie (D)
  A dart slug (D)
  An orc (D)
  2 goblins (D)
  A jackal (D)
  2 bats (D)
37 creatures vanquished.

Vanquished Creatures (collateral kills)
  A water moccasin (D)
1 creature vanquished.

Vanquished Creatures (others)
  2 ancestors (D)
2 creatures vanquished.

Grand Total: 40 creatures vanquished

Notes
Turn   | Place    | Note
-------+----------+-------------------------------------------
     0 | D        | mhtbhm the Minotaur Fighter began the quest for the Orb.
     0 | D        | Reached XP level 1. HP: 19/19 MP: 0/0
    77 | D        | Noticed an iguana
    81 | D        | Reached XP level 2. HP: 28/28 MP: 1/1
    91 | D        | Reached skill level 5 in Fighting
    91 | D        | Reached skill level 3 in Long Blades
    91 | D        | Reached skill level 5 in Armour
    91 | D        | Reached skill level 5 in Shields
    91 | D        | Reached XP level 3. HP: 37/37 MP: 2/2
   107 | D        | Found a snail-covered altar of Cheibriados.
   107 | D        | Found a shadowy altar of Dithmenos.
   107 | D        | Found a white marble altar of Elyvilon.
   107 | D        | Found a blossoming altar of Fedhas.
   107 | D        | Found an opulent altar of Gozag.
   108 | D        | Found a hazy altar of Hepliaklqana.
   109 | D        | Found a viscous altar of Jiyva.
   110 | D        | Found an ancient bone altar of Kikubaaqudgha.
   111 | D        | Found a corrupted altar of Lugonu.
   112 | D        | Found a burning altar of Makhleb.
   113 | D        | Found a sparkling altar of Nemelex Xobeh.
   114 | D        | Found an iron altar of Okawaru.
   115 | D        | Found a stormy altar of Qazlal.
   116 | D        | Found a sacrificial altar of Ru.
   117 | D        | Found a shimmering blue altar of Sif Muna.
   120 | D        | Became a worshipper of Hepliaklqana the Forgotten
   123 | D        | Found a bloodstained altar of Trog.
   124 | D        | Found a hide-covered altar of Uskayaw.
   125 | D        | Found a radiant altar of Vehumet.
   126 | D        | Found an ornate altar of the Wu Jian Council.
   127 | D        | Found a shimmering altar of Xom.
   128 | D        | Found a basalt altar of Yredelemnul.
   129 | D        | Found a glowing silver altar of Zin.
   130 | D        | Found a glowing golden altar of the Shining One.
   183 | D        | Noticed a killer bee
   183 | D        | Noticed a steam dragon
   183 | D        | Noticed a yak
   183 | D        | Noticed an orc warrior
   189 | D        | Reached skill level 4 in Long Blades
   189 | D        | Reached skill level 1 in Dodging
   189 | D        | Reached XP level 4. HP: 43/45 MP: 3/3
   193 | D        | Reached skill level 5 in Long Blades
   197 | D        | Reached skill level 6 in Long Blades
   197 | D        | Reached XP level 5. HP: 45/52 MP: 4/4
   208 | D        | Killed a steam dragon
   209 | D        | Reached skill level 7 in Long Blades
   209 | D        | Reached XP level 6. HP: 13/61 MP: 5/5
   215 | D        | Killed a yak
   216 | D        | Reached skill level 9 in Long Blades
   219 | D        | Killed an orc warrior
   220 | D        | Reached skill level 10 in Shields
   220 | D        | Reached XP level 7. HP: 24/70 MP: 6/6
   443 | D        | Noticed a troll
   443 | D        | Noticed a green ugly thing
   443 | D        | Noticed a wraith
   443 | D        | Noticed a boulder beetle
   443 | D        | Noticed a basilisk
   443 | D        | Noticed a centaur warrior
   447 | D        | Killed a troll
   448 | D        | Reached skill level 10 in Long Blades
   450 | D        | Killed a green ugly thing
   451 | D        | Reached skill level 10 in Fighting
   451 | D        | Reached skill level 11 in Long Blades
   451 | D        | Reached skill level 10 in Armour
   451 | D        | Reached XP level 8. HP: 79/79 MP: 7/7
   462 | D        | Reached skill level 12 in Long Blades
   472 | D        | Killed a centaur warrior
   473 | D        | Reached skill level 13 in Long Blades
   473 | D        | Reached XP level 9. HP: 69/89 MP: 8/8
   658 | D        | Killed a boulder beetle
   659 | D        | Reached skill level 14 in Long Blades
   659 | D        | Reached skill level 1 in Stealth
   716 | D        | Reached * piety under Hepliaklqana
   850 | D        | Reached ** piety under Hepliaklqana
   850 | D        | Noticed a cane toad
   850 | D        | Noticed a cane toad
   854 | D        | Killed a cane toad
   878 | D        | Killed a cane toad
   879 | D        | Reached skill level 15 in Long Blades
  1099 | D        | Reached XP level 10. HP: 87/87 MP: 9/9
  1107 | D        | Noticed a cane toad
  1107 | D        | Noticed a catoblepas
  1142 | D        | Killed a cane toad
  1234 | D        | Slain by a catoblepas

Illustrated notes

Levels and vault maps discovered:
D:        linesprint [early_d, line_temple, items_1, d_10, items_2, lair_1,
          lair_end, items_3, orc_1, orc_end, items_4, d_15, swamp_1, shoals_1,
          snake_1, spider_1, d_20, vaults_1, items_5, swamp_end, shoals_end,
          snake_end, spider_end, vaults_end, d_27, items_6, zot_1, zot_end,
          crypt_end, forest_end, elf_end, slime_end, tomb_end, abyss_end,
          pan_hell_end]

Skill      XL: |  1  2  3  4  5  6  7  8  9 10 |
---------------+-------------------------------+-----
Fighting       | 4 5 6 7 8 9 10 11 12 | 12.6
Armour         | 4 5 6 7 8 10 11 12 13 | 13.2
Shields        | 4 5 6 7 8 10 11 12 14 | 14.9
Long Blades    | 3 4 6 7 9 11 13 15 | 15.9
Dodging        | 1 2 3 4 |  4.9
Stealth        | 1 |  1.0

Action                   |  1- 3 |  4- 6 |  7- 9 | 10-12 || total
-------------------------+-------+-------+-------+-------++-------
Melee: Long sword        |    38 |       |       |       ||    38
       Headbutt          |     2 |     5 |    22 |    13 ||    42
       Scimitar          |     5 |    29 |    80 |    32 ||   146
  Use: Potion            |       |     1 |     1 |       ||     2
Armor: Scale mail        |    26 |       |       |       ||    26
       Plate armour      |       |    19 |    24 |    17 ||    60
Dodge: Dodged            |    12 |     4 |    14 |     4 ||    34
Block: Kite shield       |    25 |    17 |    43 |     8 ||    93
       Rpst.: Long sword |     2 |       |       |       ||     2
       Scimitar          |       |     1 |     3 |     2 ||     6

Table legend: (Time is in decaauts)
 A = Elapsed time spent in this place.
 B = Non-inter-level travel time spent in this place.
 C = Inter-level travel time spent in this place.
 D = Time resting spent in this place.
 E = Time spent auto-exploring this place.
 F = Levels seen in this place.
 G = Mean time per level.
                   A        B        C        D        E       F      G
               +--------+--------+--------+--------+--------+-----+--------+
         Total |   1252 |   1252 |      0 |    668 |    148 |   1 | 1252.0 |
       Dungeon |   1252 |   1252 |      0 |    668 |    148 |   1 | 1252.0 |
               +--------+--------+--------+--------+--------+-----+--------+

Top non-repeatable levels by time:
       D: 1252 daAuts
